Map: Frozen Temple

Players

IIIIIIIIIIII

  • Race: Protoss Protoss
  • League: Platinum

husky - Winner!

  • Race: Terran Terran
  • League: Platinum

VOD

Have the link to the VOD?

Description

um 2 plats at it

Time

  • Played on: July 9, 2016, 9:29 p.m.
  • Length: 24:23
Show
View Real Time Build Order
Export as new Build Order

IIIIIIIIIIII Protoss 

Build Orders:  

Get SALT Encoding   

  12  0:01  Probe (Chrono Boost)  
  13  0:12  Probe (Chrono Boost)  
  14  0:17  Pylon  
  14  0:22  Probe (Chrono Boost)  
  15  0:36  Probe (Chrono Boost)  
  15  0:38  Gateway  
  16  0:46  Probe (Chrono Boost)  
  16  0:48  Assimilator  
  18  0:57  Probe (Chrono Boost)  
  18  1:06  Gateway  
  18  1:07  Probe (Chrono Boost)  
  19  1:12  Assimilator  
  20  1:21  Pylon  
  19  1:30  Cybernetics Core  
  19  1:32  Probe (Chrono Boost)  
  20  1:43  Probe (Chrono Boost)  
  21  1:53  Probe (Chrono Boost)  
  22  2:07  Adept x2  
  26  2:10  Warp Gate  
  26  2:23  Nexus  
  27  3:08  Mothership Core (Chrono Boost)  
  27  3:10  Adept  
  30  3:14  Pylon  
  30  3:19  Robotics Facility  
  30  3:32  Adept  
  32  3:49  Probe x2 (Chrono Boost)  
  34  3:59  Probe (Chrono Boost)  
  34  4:00  Probe (Chrono Boost)  
  35  4:10  Probe x2 (Chrono Boost)  
  35  4:16  Pylon  
  36  4:20  Probe (Chrono Boost)  
  36  4:21  Probe (Chrono Boost)  
  36  4:22  Robotics Bay  
  38  4:25  Gateway  
  38  4:27  Gateway  
  38  4:31  Probe x2 (Chrono Boost)  
  39  4:32  Observer  
  41  4:39  Pylon  
  41  4:41  Pylon  
  41  4:50  Probe x2 (Chrono Boost)  
  43  5:00  Probe x2 (Chrono Boost), Pylon  
  43  5:07  Assimilator  
  45  5:10  Assimilator  
  45  5:11  Probe x2 (Chrono Boost)  
  47  5:14  Pylon  
  47  5:19  Observer  
  48  5:21  Probe x2 (Chrono Boost)  
  48  5:27  Pylon x2  
  50  5:30  Gravitic Drive  
  50  5:32  Probe x2 (Chrono Boost)  
  50  5:33  Adept x2  
  56  5:42  Probe x2 (Chrono Boost)  
  58  5:43  Twilight Council  
  58  5:51  Adept  
  58  5:52  Adept  
  58  5:55  Disruptor  
  65  6:05  Forge  
  65  6:07  Adept x2  
  69  6:19  Adept x2  
  67  6:30  Adept x2  
  71  6:36  Disruptor  
  74  6:42  Pylon  
  74  6:45  Pylon  
  74  7:06  Adept x3  
  74  7:07  Adept  
  66  7:27  Probe (Chrono Boost)  
  66  7:28  Probe (Chrono Boost)  
  68  7:30  Disruptor  
  68  7:31  Nexus  
  68  7:34  Pylon  
  71  7:37  Pylon  
  71  7:38  Probe x2 (Chrono Boost)  
  71  7:40  Pylon  
  73  7:45  Gateway  
  73  7:46  Gateway  
  73  7:49  Gateway  
  73  7:53  Adept  
  73  7:54  Adept  
  76  8:06  Disruptor  
  76  8:11  Adept x2  
  83  8:15  Resonating Glaives  
  83  8:21  Photon Cannon  
  83  8:24  Photon Cannon  
  83  8:26  Photon Cannon  
  83  8:30  Adept  
  83  8:31  Adept  
  87  8:46  Adept x2  
  91  8:51  Sentry x2  
  91  8:52  Sentry x3  
  101  9:02  Probe x3 (Chrono Boost), Photon Cannon  
  104  9:07  Photon Cannon  
  104  9:09  Adept  
  106  9:11  Photon Cannon  
  106  9:15  Photon Cannon  
  106  9:20  Assimilator  
  106  9:22  Assimilator  
  106  9:23  Pylon x2  
  106  9:27  Observer  
  107  9:43  Adept x6  
  119  10:14  Stalker x4  
  119  10:15  Stalker x3  
  83  11:13  Stalker x4  
  83  11:14  Stalker x3  
  90  11:33  Observer  
  90  11:40  Photon Cannon  
  90  11:41  Probe x3 (Chrono Boost)  
  93  11:52  Probe x3 (Chrono Boost)  
  97  11:54  Observer  
  97  12:02  Probe (Chrono Boost)  
  97  12:08  Stalker x7  
  112  12:48  Nexus, Photon Cannon  
  112  12:51  Photon Cannon  
  112  12:52  Pylon  
  112  12:53  Disruptor  
  112  12:55  Photon Cannon  
  112  12:56  Pylon  
  112  12:58  Photon Cannon  
  114  13:04  Stalker x6  
  114  13:05  Stalker  
  128  13:23  Protoss Ground Weapons Level 1  
  128  13:24  Nexus  
  128  13:26  Pylon  
  128  13:28  Pylon  
  128  13:29  Disruptor  
  131  13:34  Stalker x3  
  131  13:35  Stalker x4  
  131  13:40  Forge x2  
  145  13:51  Blink  
  145  13:58  Photon Cannon  
  145  14:05  Disruptor  
  148  14:27  Stalker x4  
  148  14:28  Stalker x2  
  160  14:36  Photon Cannon  
  160  14:40  Photon Cannon, Disruptor  
  160  14:43  Pylon  
  163  14:47  Photon Cannon  
  163  14:50  Assimilator  
  163  14:52  Pylon  
  163  14:53  Stalker x3  
  162  15:16  Disruptor  
  116  15:53  Stalker x2  
  116  15:54  Stalker x5  
  124  16:02  Protoss Ground Weapons Level 2  
  124  16:03  Protoss Ground Armor Level 1, Protoss Shields Level 1  
  124  16:10  Assimilator  
  124  16:24  Photon Cannon  
  124  16:27  Stalker x7  
  138  16:42  Stargate x2  
  138  16:45  Pylon  
  138  16:50  Pylon  
  138  16:54  Stalker x5  
  140  16:55  Stalker x2  
  151  17:23  Disruptor  
  154  17:30  Stalker  
  154  17:31  Stalker x5  
  154  17:32  Stalker  
  168  17:58  Disruptor  
  98  18:46  Stalker x5  
  98  18:47  Stalker x2  
  106  19:03  Fleet Beacon  
  106  19:10  Stalker x5  
  106  19:11  Stalker x2  
  108  19:43  Stalker x7  
  102  20:26  Stalker  
  102  20:27  Stalker x6  
  93  20:59  Stalker x6  
  93  21:00  Stalker  
  95  21:28  Stalker x3  
  95  21:29  Nexus, Stalker x4  
  95  21:31  Pylon  
  95  21:32  Tempest x2  
  109  21:35  Pylon  
  109  21:38  Pylon  
  117  21:41  Pylon  
  117  21:58  Stalker  
  117  21:59  Stalker x3  
  114  22:13  Stalker x3  
  119  22:24  Tempest x2  
  126  22:36  Photon Cannon  
  126  22:40  Photon Cannon  
  126  22:42  Photon Cannon  
  126  22:43  Assimilator  
  126  22:45  Assimilator  
  126  22:55  Stalker x2  
  124  23:09  Photon Cannon  
Show
View Real Time Build Order
Export as new Build Order

husky Terran - Winner!

Build Orders: MMM Bio 

Get SALT Encoding   

  12  0:01  SCV  
  13  0:13  SCV  
  14  0:17  Supply Depot  
  14  0:25  SCV  
  15  0:39  SCV  
  15  0:40  Barracks  
  16  0:47  Refinery  
  16  0:51  SCV  
  17  1:03  SCV  
  18  1:15  SCV  
  19  1:28  SCV  
  19  1:30  Reaper  
  21  1:40  Orbital Command  
  21  1:45  Command Center  
  21  1:55  Supply Depot  
  21  2:04  Barracks  
  21  2:06  Barracks Reactor  
  21  2:17  SCV  
  22  2:29  SCV  
  23  2:32  Barracks  
  23  2:41  SCV  
  23  2:43  Marine x2  
  26  2:47  Supply Depot  
  26  2:53  SCV  
  26  2:56  Barracks Tech Lab  
  26  2:58  Bunker  
  27  3:01  Marine  
  28  3:07  Orbital Command  
  28  3:09  SCV  
  28  3:11  Marine  
  30  3:18  Marine  
  31  3:21  Marine, SCV  
  31  3:33  SCV x2  
  32  3:35  Marine x2  
  32  3:36  Marine  
  36  3:44  Stimpack  
  36  3:47  SCV  
  36  3:54  Marauder  
  36  3:55  SCV  
  38  3:59  Marine, SCV  
  38  4:00  Marine x2  
  41  4:07  SCV  
  42  4:17  SCV  
  43  4:18  Marine x2  
  43  4:19  SCV  
  43  4:20  Marauder  
  43  4:23  Marine  
  43  4:24  Engineering Bay  
  49  4:29  SCV  
  50  4:37  Marine x2, SCV  
  53  4:40  Marine  
  54  4:48  SCV  
  54  4:53  Supply Depot  
  54  4:54  Marine  
  54  4:55  Marine  
  54  4:58  Supply Depot, Terran Infantry Weapons Level 1  
  54  4:59  Marauder  
  58  5:00  SCV  
  58  5:02  SCV  
  58  5:04  Marine  
  61  5:12  Marine  
  61  5:13  Refinery  
  62  5:15  Supply Depot, SCV  
  62  5:16  Command Center  
  62  5:19  SCV  
  64  5:23  Supply Depot  
  64  5:27  Refinery, SCV  
  65  5:31  Refinery, SCV  
  66  5:39  SCV  
  66  5:41  Supply Depot  
  66  5:42  Marine  
  68  5:43  SCV  
  69  5:51  SCV  
  69  5:53  Supply Depot  
  69  5:55  SCV  
  71  6:02  Barracks  
  71  6:03  SCV  
  71  6:04  Barracks, Marine  
  72  6:05  Marine  
  72  6:07  SCV  
  72  6:11  Combat Shields  
  75  6:15  SCV  
  75  6:24  Marine x2  
  75  6:25  Marauder  
  74  6:29  Marine  
  74  6:32  Orbital Command, SCV  
  74  6:36  Factory  
  74  6:42  Marine x2  
  74  6:44  Supply Depot  
  74  6:46  Marauder  
  78  6:47  Engineering Bay  
  73  6:57  Marine  
  73  6:58  SCV  
  73  7:00  Marine  
  73  7:05  Marine  
  73  7:07  Marauder, SCV  
  73  7:08  SCV  
  71  7:09  Barracks Tech Lab x2  
  71  7:15  Marine  
  66  7:18  Marine  
  66  7:23  Marine  
  66  7:24  Supply Depot x2  
  66  7:26  Terran Infantry Armor Level 1  
  66  7:29  Marauder  
  69  7:30  Armory, Factory Reactor  
  69  7:32  SCV  
  69  7:34  Marine  
  69  7:35  Missile Turret  
  71  7:39  Marine x2  
  71  7:42  Marauder  
  75  7:47  Marine  
  75  7:48  Bunker  
  75  7:50  Marauder  
  78  7:52  Marine  
  78  7:57  Marine  
  78  7:58  Marauder, Missile Turret  
  82  8:01  SCV  
  82  8:02  SCV  
  82  8:03  Marauder  
  86  8:05  Supply Depot  
  86  8:09  SCV  
  86  8:11  Marauder  
  86  8:12  Missile Turret  
  89  8:14  Orbital Command  
  89  8:16  Missile Turret  
  89  8:22  Missile Turret  
  89  8:25  Widow Mine x2  
  93  8:27  Starport  
  93  8:28  SCV  
  93  8:29  Terran Infantry Weapons Level 2  
  93  8:30  Marine  
  93  8:33  Barracks Reactor  
  95  8:40  SCV x2  
  97  8:41  Marine  
  97  8:42  Marauder  
  100  8:49  Marauder, Marine x2  
  100  8:51  SCV  
  100  8:53  Widow Mine x2  
  108  8:59  Marine  
  108  9:00  SCV x2  
  111  9:03  Marauder, SCV  
  111  9:07  Marine  
  115  9:12  SCV  
  115  9:14  Marine x2, Supply Depot  
  118  9:17  SCV, Terran Ship Weapons Level 1  
  118  9:19  Medivac x2, Barracks Tech Lab  
  118  9:22  Widow Mine x2  
  118  9:23  SCV  
  128  9:27  SCV  
  128  9:28  Marauder, Marine x2, Starport  
  133  9:31  SCV  
  133  9:35  SCV  
  133  9:36  Refinery  
  135  9:39  Sensor Tower  
  135  9:40  Refinery, SCV  
  135  9:41  Missile Turret, Marine  
  135  9:44  SCV  
  138  9:48  Terran Infantry Armor Level 2  
  138  9:49  Missile Turret, Marine, Medivac x2  
  143  9:56  Marauder  
  144  10:11  Marauder  
  144  10:13  Marine  
  144  10:14  Marauder  
  149  10:15  Starport Reactor  
  149  10:19  Marine, Medivac  
  149  10:20  Marauder  
  154  10:28  Concussive Shells  
  154  10:29  Marauder  
  154  10:31  Marine  
  154  10:32  Marine  
  154  10:35  Marauder  
  154  10:37  Marine  
  154  10:38  Medivac  
  154  10:40  Marine  
  157  10:45  Liberator x2  
  157  10:49  Marine  
  143  10:50  Marauder, Marine  
  143  10:55  Marine  
  143  10:56  Marauder  
  147  10:58  Marine  
  128  11:07  Marine  
  128  11:08  Marauder  
  128  11:11  Marine  
  107  11:13  Marine  
  107  11:17  Marauder, Marine  
  109  11:19  Liberator x2  
  109  11:24  Marine  
  101  11:29  Marauder, Marine  
  101  11:30  Marine  
  104  11:36  Marauder  
  104  11:37  Marine  
  112  11:42  Marine, Liberator x2  
  113  11:47  Marauder  
  113  11:48  Marine  
  113  11:51  Marauder  
  113  11:55  Marine  
  113  11:56  Marine  
  113  12:00  Marine  
  122  12:02  Liberator  
  122  12:06  Marine  
  123  12:09  Marauder  
  123  12:12  Marauder  
  123  12:13  Marine  
  128  12:18  Marine  
  132  12:24  Marine  
  135  12:30  Marauder x2  
  135  12:31  Marine  
  135  12:33  Marine  
  135  12:36  Marine  
  140  12:42  Marine  
  140  12:47  Orbital Command  
  140  12:49  Marauder  
  140  12:50  Marine  
  145  12:51  Marauder, Marine  
  145  12:54  Marine  
  147  12:59  Marine  
  148  13:06  Liberator  
  148  13:09  Marauder x2  
  152  13:16  Marauder, Marine x2  
  152  13:17  Marine  
  159  13:29  Refinery  
  159  13:30  Refinery, Marine  
  160  13:46  Marauder, Marine x2  
  164  13:48  Sensor Tower  
  164  13:50  Marine  
  165  13:57  Marauder x2  
  165  13:59  Supply Depot  
  165  14:02  Supply Depot  
  169  14:04  Marine  
  169  14:05  Marine  
  169  14:08  Marauder  
  173  14:15  Marine  
  174  14:23  Marine  
  177  14:24  Marauder  
  177  14:25  Marine  
  177  14:26  Marauder  
  180  14:35  Marauder, Marine  
  183  14:41  Marine  
  183  14:43  Marine, SCV  
  183  14:45  Orbital Command, Marine  
  187  14:47  Marauder  
  189  14:53  Marine  
  189  14:57  Liberator  
  189  14:58  Liberator  
  160  15:20  Marine  
  160  15:21  Marauder x2, Marine  
  142  15:28  Marine  
  142  15:29  Marauder  
  142  15:33  Terran Infantry Weapons Level 3  
  126  15:38  Marine x2  
  126  15:42  Marauder, Marine  
  120  15:46  Marine  
  120  15:49  Marine  
  111  15:52  Liberator x2  
  111  15:55  SCV  
  111  15:56  Marine x2  
  110  16:00  Marauder  
  110  16:03  Marauder  
  114  16:05  Marauder  
  114  16:07  Marine  
  124  16:11  Liberator  
  124  16:12  Liberator  
  124  16:14  Marine x2  
  125  16:21  Marauder  
  125  16:24  Missile Turret  
  125  16:25  Marauder, Marine x2  
  129  16:31  Sensor Tower  
  129  16:32  Marine x2  
  139  16:37  Orbital Command  
  139  16:39  Refinery x3  
  139  16:41  Refinery  
  139  16:43  Marauder, Marine  
  139  16:44  Marauder  
  139  16:46  Marine  
  145  16:50  Marine x2  
  145  16:52  Widow Mine x2  
  151  17:01  Marine  
  151  17:04  Marauder, Marine  
  151  17:05  Marauder  
  151  17:07  Marine x2  
  159  17:11  Command Center  
  159  17:12  Terran Infantry Armor Level 3  
  159  17:13  SCV  
  159  17:14  SCV  
  160  17:19  Marauder  
  160  17:22  Marauder  
  163  17:25  Marine x3  
  163  17:27  Marauder  
  168  17:40  Marine  
  168  17:43  Marauder, Marine x3  
  170  17:48  Marauder  
  174  17:58  Marauder  
  174  18:01  Marine x3  
  174  18:05  Marauder  
  179  18:09  Marauder  
  178  18:19  Marine x3, Liberator x2  
  175  18:20  Marauder  
  175  18:26  Marauder  
  151  18:31  Marauder  
  136  18:36  Marine x2, SCV  
  136  18:37  Marine, SCV  
  136  18:41  Marauder  
  136  18:44  Medivac  
  136  18:46  SCV  
  136  18:47  Marauder  
  140  18:52  Marine  
  140  18:54  Marine x2  
  140  18:55  Marauder  
  145  18:57  Barracks  
  145  18:58  Barracks  
  145  19:00  Barracks  
  147  19:02  Marauder  
  147  19:08  Marine  
  148  19:10  Marauder, Command Center  
  148  19:12  Marine x2  
  148  19:14  Liberator x2  
  148  19:16  Marauder  
  150  19:24  Marauder  
  150  19:26  Marine  
  150  19:30  Marine x2  
  155  19:31  Marauder  
  155  19:33  SCV  
  155  19:37  Marauder  
  151  19:44  Marine  
  154  19:45  Marauder  
  154  19:48  Marine x2  
  158  19:53  Marauder  
  158  19:59  Marauder  
  160  20:02  Marine  
  160  20:05  Marine  
  160  20:06  Marine x2  
  160  20:07  Marauder, Marine  
  147  20:09  Marine  
  147  20:13  Marine  
  140  20:19  Marine  
  140  20:20  Marauder  
  131  20:22  Planetary Fortress  
  131  20:23  Marine x2  
  131  20:24  Marine  
  131  20:25  Marine  
  131  20:27  Marine  
  131  20:28  Marauder  
  138  20:32  Marauder  
  140  20:38  Marauder  
  140  20:41  Marine x3  
  140  20:42  Marauder  
  124  20:43  Marine  
  124  20:45  Marine  
  124  20:49  Marauder  
  125  20:53  Marauder  
  125  20:55  SCV x2  
  116  20:59  Marauder, Marine x3  
  116  21:00  Medivac x2  
  116  21:01  Marine  
  116  21:03  Marauder, Marine  
  123  21:11  Marauder  
  120  21:15  Marauder  
  120  21:17  Marine x2  
  125  21:21  Marauder  
  125  21:22  Barracks Tech Lab  
  125  21:24  Marauder, Barracks Tech Lab  
  128  21:29  Liberator x3  
  128  21:30  Marine  
  128  21:32  Marauder  
  131  21:35  Marine x2  
  131  21:36  Marauder  
  135  21:42  Marauder  
  135  21:45  Marauder  
  135  21:46  Marauder  
  150  21:48  Marine  
  150  21:52  Marine x2  
  150  21:53  Marauder  
  150  21:54  Marauder  
  154  21:57  Marauder  
  154  21:58  Liberator  
  154  22:00  Building Armor  
  155  22:03  Marine  
  155  22:06  Marauder, Marine  
  155  22:07  Marine  
  144  22:10  Marine x2  
  144  22:14  Marauder  
  144  22:15  Marauder  
  150  22:18  Marine  
  150  22:21  Marine  
  152  22:31  Marauder, Marine  
  147  22:38  Marauder  
  149  22:52  Marauder, Marine  
  152  23:02  Marauder, Marine  
  149  23:15  Marauder x2, Marine x2  
  155  23:26  Marauder  
  144  23:34  Marine  
  144  23:35  Marauder  
  144  23:37  Viking x4  
  144  23:39  Marine  
  144  23:40  Marauder  
  139  23:41  Marauder, Marine x2  
  136  23:53  Marine  
  136  23:54  Marauder, Marine  
  140  24:04  Marine  
  140  24:05  Marine  
Tags
 
Add a new tag
Caveats
  • Supply blocks, unpowered buildings, or Contaminate may cause inaccurate times.
  • Supply counts are checked every 10 seconds.